 Dungeon Crawl Stone Soup version 0.31.0 (webtiles) character file.

Game seed: 15623636256185658877

109 PaiMei the Grave Robber (level 4, -3/30 HPs)
             Began as a Demonspawn Necromancer on Jan 19, 2024.
             Engulfed by a steam dragon's steam (5 damage)
             ... on level 4 of the Dungeon.
             The game lasted 00:04:51 (2686 turns).

PaiMei the Grave Robber (Demonspawn Necromancer)    Turns: 2686, Time: 00:04:52

Health: -3/30      AC:  3    Str:  8    XL:     4   Next: 59%
Magic:  6/8        EV: 12    Int: 17    God:
Gold:   191        SH:  0    Dex: 14    Spells: 7/8 levels left

rFire   . . .        f - +0 dagger (drain)
rCold   . . .        (no shield)
rNeg    . . .        a - +0 robe
rPois   .            (helmet restricted)
rElec   .            (no cloak)
rCorr   .            d - +0 pair of gloves
SInv    .            (no boots)
Will    .....        (no amulet)
Stlth   +            (no ring)
HPRegen 0.25/turn    (no ring)
MPRegen 0.11/turn

%: no passive effects
@: confused
A: antennae 1, foul stench 1
a: no special abilities


You were on level 4 of the Dungeon.
You visited 1 branch of the dungeon, and saw 4 of its levels.

You collected 191 gold pieces.

Inventory:

Hand Weapons
 f - a +0 dagger of draining (weapon)
 n - a +2 spectral quarterstaff
Missiles
 q - 2 poisoned darts (quivered)
Armour
 a - a +0 robe (worn)
 d - a +0 pair of gloves (worn)
Scrolls
 g - 2 scrolls of silence {unknown}
 h - 2 scrolls of vulnerability {unknown}
 m - a scroll of teleportation {unknown}
 p - 2 scrolls of noise {unknown}
 r - a scroll of fear {unknown}
 s - 2 scrolls of identify {unknown}
Potions
 b - a potion of magic
 c - a potion of enlightenment {unknown}
 e - 3 potions of haste {unknown}
 i - a potion of might {unknown}
 j - a potion of mutation {unknown}
 k - a potion of lignification {unknown}
 l - a potion of experience {unknown}
 o - a potion of berserk rage {unknown}


   Skills:
 + Level 2.6 Dodging
 + Level 2.7 Stealth
 + Level 2.8 Spellcasting
 + Level 5.0 Necromancy


You had 7 spell levels left.
You knew the following spells:

 Your Spells              Type           Power      Damage    Failure   Level
a - Necrotise             Necr           76%        1d7       2%          1

Your spell library contained the following spells:

 Spells                   Type           Power      Damage    Failure   Level
 Vampiric Draining        Necr           19%        2d7       7%          3
 Animate Dead             Necr           19%        N/A       22%         4
 Stone Arrow              Conj/Erth      4%         3d7       47%         3
 Curse of Agony           Necr           19%        N/A       52%         5
 Animate Armour           Summ/Erth      4%         N/A       87%         4
 Lehudib's Crystal Spear  Conj/Erth      1%         10d2      100%        8


Dungeon Overview and Level Annotations

Branches:
Dungeon (4/15)
 Temple: D:4-7

Altars:


Innate Abilities, Weirdness & Mutations

You have a pair of small antennae on your head.
You may rarely emit foul miasma when damaged in melee.


Message History

You can't see any susceptible monsters within range! (Use Z to cast anyway.)
Your magical contamination has completely faded away.
Magic restored.
Found 3 stones.
A giant cockroach and an orc wizard come into view.
Found 5 poisoned darts.
Found a stone staircase leading down.
The orc wizard shouts!
You hear a shout! x2
A steam dragon comes into view.
An orc comes into view. It is wielding a +0 whip.
An orc wizard comes into view. It is wielding a +0 dagger.
Found a chain mail.
The steam dragon hisses angrily.
You hear a shout!
The giant cockroach barely misses you.
Casting: Necrotise (safe; 2% risk of failure)
Confirm with . or Enter, or press ? or * to list all spells.
Aiming: Necrotise (safe; 2% risk of failure)
Press: ? - help, Shift-Dir - straight line, f - giant cockroach
Aim: a giant cockroach (chance to affect: 89%)
The giant cockroach writhes in agony!
You kill the giant cockroach!
The orc wizard gestures at you while chanting.
The magic dart hits you.
Casting: Necrotise (safe; 2% risk of failure)
Confirm with . or Enter, or press ? or * to list all spells.
Aiming: Necrotise (safe; 2% risk of failure)
Press: ? - help, Shift-Dir - straight line, f - orc wizard
Aim: an orc wizard, wielding a +0 dagger and wearing a +0 robe (chance to affect: 78%)
The orc wizard writhes in agony!
The orc wizard gestures at you while chanting.
You are confused.
You're too confused to cast spells.
The steam dragon breathes steam at you. The ball of steam hits you!!
Ouch! That really hurt!
* * * LOW HITPOINT WARNING * * *
You are engulfed in a cloud of scalding steam.
* * * LOW HITPOINT WARNING * * *
An orc comes into view. It is wielding a +0 morningstar.
You are engulfed in a cloud of scalding steam.
You die...

#.# #.# #.# #.#
#######.###
..........#
#######.#.#
........#.#
######.$.@########
.o.oD§§§§§§.....#
.oo##.#########.#
(.. #. .. #. > #.
..


You could see a steam dragon, an orc wizard and 2 orcs.

Vanquished Creatures
  5 adders
  A dart slug (D:1)
  A ribbon worm (D:2)
  5 endoplasms
  3 giant cockroaches
  4 goblins
  3 hobgoblins
  9 quokkas
  10 ball pythons
  4 bats
  A hobgoblin zombie (D:3)
  An orc skeleton (D:3)
  An orc zombie (D:3)
  5 rats
53 creatures vanquished.

Vanquished Creatures (collateral kills)
  A ball python (D:2)
  An endoplasm (D:2)
  A goblin (D:2)
  A kobold skeleton (D:3)
  An orc zombie (D:3)
  A rat (D:2)
6 creatures vanquished.

Grand Total: 59 creatures vanquished

Notes
Turn   | Place    | Note
-------+----------+-------------------------------------------
     0 | D:1      | PaiMei the Demonspawn Necromancer began the quest for the
                  | Orb.
     0 | D:1      | Reached XP level 1. HP: 13/13 MP: 3/3
   293 | D:1      | Gained mutation: You may rarely emit foul miasma when
                  | damaged in melee. [demonic ancestry]
   293 | D:1      | Reached XP level 2. HP: 19/19 MP: 3/5
  1049 | D:2      | Gained mutation: You have a pair of small antennae on your
                  | head. [demonic ancestry]
  1049 | D:2      | Reached XP level 3. HP: 24/24 MP: 1/6
  1865 | D:2      | Reached XP level 4. HP: 23/30 MP: 1/8
  2229 | D:3      | Reached skill level 5 in Necromancy
  2680 | D:4      | Noticed a steam dragon
  2686 | D:4      | Engulfed by a steam dragon's steam

Illustrated notes

Levels and vault maps discovered:
D:1:      erik_arrival_orb_chamber, layout_loops_ring, serial_bayou_lake_a
D:2:      layout_rooms
D:3:      layout_loops_cross, lemuel_crystal_altar,
          nicolae_tso_besieged_by_evil, ebering_ecumenical_altar_box, uniq_ijyb
D:4:      kennysheep_the_goblin_king, layout_basic,
          nicolae_qazlal_style_of_elements, grunt_decor_one_mirror,
          minmay_bisected, uniq_natasha, uniq_edmund, uniq_eustachio

Skill      XL: |  1  2  3  4 |
---------------+-------------+-----
Stealth        | 2 |  2.7
Dodging        | 2 |  2.6
Necromancy     | 5 |  5.0
Spellcasting   | |  2.8

Action                     |  1- 3 |  4- 6 || total
---------------------------+-------+-------++-------
  Melee: Dagger            |    13 |    40 ||    53
   Cast: Necrotise         |    74 |    26 ||   100
 Armour: Robe              |    20 |    44 ||    64
  Dodge: Dodged            |    20 |    30 ||    50
